 Dungeon Crawl Stone Soup version 0.29-a0-1027-gcd8c55af63 (webtiles) character file.

Game seed: 11885899784024428381

1579 27heaven the Cleaver (level 8, -4/64 HPs)
             Began as a Hill Orc Fighter on Aug 12, 2022.
             Was an Initiate of Beogh.
             Slain by a fire elemental (8 damage)
             ... created by the fiery vengeance of Ignis
             ... on level 9 of the Dungeon.
             The game lasted 00:09:27 (6238 turns).

27heaven the Cleaver (Hill Orc Fighter)             Turns: 6238, Time: 00:09:28

Health: -4/64      AC: 12    Str: 21    XL:     8   Next: 91%
Magic:  8/8        EV:  7    Int:  8    God:    Beogh [......]
Gold:   287        SH:  4    Dex: 10    Spells: 7/7 levels left

rFire   . . .      SeeInvis .   a - +0 war axe
rCold   + . .      Faith    .   c - +0 buckler
rNeg    . . .      Spirit   .   i - +0 chain mail
rPois   .          Reflect  .   (no helmet)
rElec   .          Harm     .   q - +0 cloak
rCorr   .          Rampage  .   p - +0 pair of gloves
Will    .....                   w - +0 pair of boots
Stlth   ..........              (no amulet)
HPRegen 0.20/turn               e - ring of protection from cold
MPRegen 0.11/turn               (no ring)

@: fire susceptible
A: no striking features
a: Renounce Religion


You were on level 9 of the Dungeon.
You worshipped Beogh.
Beogh was noncommittal.
You visited 1 branch of the dungeon, and saw 8 of its levels.

You collected 287 gold pieces.

Inventory:

Hand Weapons
 a - a +0 war axe (weapon)
Missiles
 f - 2 throwing nets (quivered)
Armour
 c - a +0 buckler (worn)
 i - a +0 chain mail (worn)
 p - a +0 pair of gloves (worn)
 q - a +0 cloak (worn)
 w - a +0 pair of boots (worn)
Jewellery
 e - a ring of protection from cold (left hand)
 x - a +6 ring of dexterity
Wands
 r - a wand of flame (7)
Scrolls
 b - a scroll of enchant weapon {unknown}
 g - 3 scrolls of teleportation {unknown}
 h - 2 scrolls of enchant armour {unknown}
 k - a scroll of amnesia {unknown}
 l - a scroll of identify {unknown}
 o - a scroll of vulnerability {unknown}
 t - a scroll of blinking {unknown}
 v - 4 scrolls of poison {unknown}
Potions
 d - a potion of might
 j - a potion of heal wounds {unknown}
 m - a potion of brilliance {unknown}
 n - a potion of invisibility {unknown}
 s - a potion of attraction {unknown}
 u - 2 potions of curing


   Skills:
 - Level 3.6 Fighting
 + Level 14.1 Axes
 - Level 3.2 Armour
 - Level 3.2 Shields


You had 7 spell levels left.
You didn't know any spells.
Your spell library contained the following spells:

 Spells                   Type           Power      Damage    Failure   Level
 Apportation              Tloc           0%         N/A       99%         1
 Necrotise                Necr           0%         1d4       99%         1
 Slow                     Hex            0%         N/A       99%         1
 Summon Small Mammal      Summ           0%         N/A       99%         1
 Confusing Touch          Hex            0%         N/A       100%        3
 Vampiric Draining        Necr           0%         2d6       100%        3
 Iskenderun's Battlesphe  Conj           0%         2d6       100%        5
 Iron Shot                Conj/Erth      0%         9d1       100%        6
 Spellforged Servitor     Conj/Summ      0%         N/A       100%        7


Dungeon Overview and Level Annotations

Branches:
Dungeon (9/15)
 Temple: D:4-7         Lair: D:8-11         Orc: D:9-12

Altars:
Vehumet
Ignis

Shops:
D:9 (

Annotations:
D:3 1 runed translucent door, capka3m's ghost, amateur DgEE


Message History

You slash the fire elemental!
The fire elemental is heavily damaged.
The fire elemental barely misses you.
You slash the fire elemental!
The fire elemental is severely damaged.
The fire elemental hits you. The fire elemental burns you!
You slash the fire elemental!
You destroy the fire elemental!
That felt strangely unrewarding.
There is a stone staircase leading down here.
You start resting.
HP restored.
You climb downwards.
The fire elemental hits you. The fire elemental burns you!
The fire elemental hits you. The fire elemental burns you!
There is a stone staircase leading up here.
You closely miss the fire elemental. You slash the fire elemental!
The fire elemental hits you. The fire elemental burns you!
You block the fire elemental's attack. The fire elemental hits you.
The fire elemental burns you! You block the fire elemental's attack.
You hit the fire elemental.
The fire elemental is moderately damaged.
You slash the fire elemental! The fire elemental hits you.
The fire elemental burns you! You block the fire elemental's attack.
You are too injured to fight recklessly!
There is an entrance to Reus's Antique Weapon Shoppe here.
You block the fire elemental's attack. The fire elemental hits you.
The fire elemental burns you! You block the fire elemental's attack.
The fire elemental hits you. The fire elemental burns you!
* * * LOW HITPOINT WARNING * * *
Okay, then.
You feel better. The fire elemental barely misses you.
The fire elemental hits you. The fire elemental burns you!
* * * LOW HITPOINT WARNING * * *
You completely miss the fire elemental.
The fire elemental is moderately damaged.
You slash the fire elemental! The fire elemental hits you.
The fire elemental burns you!
* * * LOW HITPOINT WARNING * * *
The fire elemental hits you. The fire elemental burns you!
You die...

...# #..........#
...# #..........#
...####..........#
...##))).........#
...'.)#..........#
...####..........#
...# #..........#
#### ###8...8.####
#....(..@.#
#..<...E#E##
#.....?.#°.#
#8...∩..°8.#
#..........#
#......>...#
#..........#
#..!.8...8##
#.....#####


You could see 2 fire elementals.

Vanquished Creatures
  A fire elemental (D:8)
  A steam dragon (D:8)
  2 water moccasins
  A black bear (D:4)
  An ogre (D:5)
  3 centaurs
  A phantom (D:4)
  A kobold brigand (D:9)
  A bullfrog (D:6)
  A scorpion (D:5)
  A howler monkey (D:5)
  A hound (D:6)
  2 gnoll boudas
  3 iguanas
  Terence (D:2)
  An orc wizard (D:9)
  8 gnolls
  9 adders
  3 shadow imps
  2 white imps
  An ufetubus (D:5)
  3 worms
  2 dart slugs (D:2)
  6 orcs
  9 ball pythons
  4 endoplasms
  6 giant cockroaches
  4 hobgoblins
  6 jackals
  7 kobolds
  3 quokkas
  9 bats
  3 frilled lizards
  4 goblins
  5 rats
116 creatures vanquished.

Vanquished Creatures (others)
  An orc (D:9)
  A kobold (D:9)
  4 demonic plants (D:5)
  15 foxfires
21 creatures vanquished.

Grand Total: 137 creatures vanquished

Notes
Turn   | Place    | Note
-------+----------+-------------------------------------------
     0 | D:1      | 27heaven the Hill Orc Fighter began the quest for the Orb.
     0 | D:1      | Reached XP level 1. HP: 19/19 MP: 1/1
   218 | D:1      | Reached skill level 3 in Axes
   330 | D:1      | Reached XP level 2. HP: 26/26 MP: 2/2
   643 | D:1      | Found a faded altar of an unknown god.
   651 | D:1      | Prayed at the altar of an unknown god.
   651 | D:1      | Became a worshipper of Ignis, the Dying Flame
   763 | D:1      | Reached skill level 4 in Axes
  1011 | D:2      | Reached XP level 3. HP: 31/31 MP: 3/3
  1163 | D:2      | Reached skill level 5 in Axes
  1343 | D:2      | Reached XP level 4. HP: 39/39 MP: 4/4
  1448 | D:2      | Reached skill level 6 in Axes
  1992 | D:3      | Noticed Terence
  2013 | D:2      | Killed Terence
  2014 | D:2      | Reached XP level 5. HP: 13/45 MP: 5/5
  2242 | D:3      | Found a runed translucent door.
  2247 | D:3      | Noticed capka3m's ghost (amateur DgEE)
  2465 | D:3      | Reached skill level 7 in Axes
  2865 | D:4      | Noticed a phantom
  3009 | D:4      | Noticed a black bear
  3023 | D:4      | Killed a black bear
  3024 | D:4      | Reached skill level 8 in Axes
  3024 | D:4      | Reached XP level 6. HP: 51/51 MP: 6/6
  3253 | D:4      | Reached skill level 9 in Axes
  3899 | D:4      | Reached XP level 7. HP: 46/57 MP: 7/7
  3995 | D:5      | Entered Level 5 of the Dungeon
  4022 | D:5      | Reached skill level 10 in Axes
  4378 | D:5      | Reached skill level 11 in Axes
  4521 | D:5      | Reached XP level 8. HP: 11/64 MP: 8/8
  5127 | D:6      | Reached skill level 12 in Axes
  5584 | D:6      | You fall into a shaft and drop 3 floors!
  5639 | D:9      | Reached skill level 13 in Axes
  5833 | D:9      | Found Reus's Antique Weapon Shoppe.
  5834 | D:9      | Fell from the grace of Ignis
  5834 | D:9      | Became a worshipper of Beogh the Brigand
  5937 | D:8      | Found a radiant altar of Vehumet.
  5959 | D:8      | Reached skill level 14 in Axes
  6238 | D:9      | Slain by a fire elemental

Illustrated notes

Levels and vault maps discovered:
D:1:      lightli_iron_boxes, layout_loops_corners,
          shapermc_ecumenical_altar_pompeii
D:2:      layout_basic
D:3:      layout_rooms, ebering_ghost_sewer_d, uniq_terence
D:4:      layout_cave_pools
D:5:      layout_rooms, serial_demonic, serial_demonic_f, serial_demonic_c,
          serial_demonic_g, serial_demonic_f, kennysheep_cross_bottleneck,
          minmay_misc_feat_iff
D:6:      layout_gridville, grunt_temple_overflow_diamond
D:8:      layout_basic, mainiacjoe_overflow_cross_hatched, minmay_bent
D:9:      layout_roguey, serial_shops, nicolae_stop_n_shop_1,
          kennysheep_small_circle, uniq_harold

Skill      XL: |  1  2  3  4  5  6  7  8 |
---------------+-------------------------+-----
Axes           | 3 4 5 6 8 9 11 14 | 14.1
Fighting       | |  3.6
Armour         | |  3.2
Shields        | |  3.2

Action                   |  1- 3 |  4- 6 |  7- 9 || total
-------------------------+-------+-------+-------++-------
Melee: War axe           |   109 |   113 |   145 ||   367
Invok: Foxfire Swarm     |       |     2 |       ||     2
       Fiery Armour      |       |     2 |     1 ||     3
       Convert to Beogh  |       |       |     1 ||     1
  Use: Potion            |       |     4 |     1 ||     5
Armor: Scale mail        |    14 |       |       ||    14
       Chain mail        |    46 |    69 |    96 ||   211
Dodge: Dodged            |    54 |    45 |    55 ||   154
Block: Buckler           |    32 |    30 |    38 ||   100

Table legend: (Time is in decaauts)
 A = Elapsed time spent in this place.
 B = Non-inter-level travel time spent in this place.
 C = Inter-level travel time spent in this place.
 D = Time resting spent in this place.
 E = Time spent auto-exploring this place.
 F = Levels seen in this place.
 G = Mean time per level.
                   A        B        C        D        E       F      G
               +--------+--------+--------+--------+--------+-----+--------+
         Total |   6287 |   6127 |    160 |    913 |   3999 |   8 |  785.9 |
       Dungeon |   6287 |   6127 |    160 |    913 |   3999 |   8 |  785.9 |
               +--------+--------+--------+--------+--------+-----+--------+

Top non-repeatable levels by time:
     D:4: 1257 daAuts
     D:2: 1230 daAuts
     D:1: 1012 daAuts
     D:5: 900 daAuts
     D:3: 740 daAuts
     D:9: 527 daAuts
     D:6: 498 daAuts
     D:8: 120 daAuts
